 Dungeon Crawl Stone Soup version 0.25-a0-435-g4b9beb1 (webtiles) character file.

Game seed: 3364461488601329229, levelgen mode: deterministic

198 DrEnzyme the Conjurer (level 5, -5/28 HPs)
             Began as a Tengu Wanderer on Jan 27, 2020.
             Killed by nerve-wracking pain
             ... invoked by an orc priest
              (12 damage)
             ... on level 3 of the Dungeon.
             The game lasted 00:11:16 (5417 turns).

DrEnzyme the Conjurer (Tengu Wanderer)              Turns: 5417, Time: 00:11:16

Health: -5/28      AC:  3    Str: 14    XL:     5   Next: 77%
Magic:  5/11       EV: 11    Int: 12    God:
Gold:   62         SH:  0    Dex: 13    Spells: 9/10 levels left

rFire    . . .     SeeInvis .   b - +0 hand crossbow
rCold    . . .     Gourm    .   (no shield)
rNeg     . . .     Faith    .   g - +1 robe
rPois    .         Spirit   .   (helmet restricted)
rElec    .         Reflect  .   (no cloak)
rCorr    .         Harm     .   (no gloves)
MR       .....                  (boots unavailable)
Stlth    ++........             (no amulet)
HPRegen  0.09/turn              (no ring)
MPRegen  0.12/turn              (no ring)

@: very slightly contaminated
A: beak, talons 3, able to fly
a: Fly


You were on level 3 of the Dungeon.
You were not hungry.

You visited 1 branch of the dungeon, and saw 3 of its levels.

You collected 62 gold pieces.

Inventory:

Hand Weapons
 a - a +2 dagger
 b - a +0 hand crossbow (weapon)
Missiles
 c - 98 stones
 d - 3 curare-tipped darts
 e - 20 bolts (quivered)
Armour
 g - a +1 robe (worn)
Scrolls
 h - a scroll of fear {unknown}
 j - 3 scrolls of enchant armour
 k - a scroll of teleportation {unknown}
 m - a scroll of immolation {unknown}
 o - a scroll of enchant weapon
 q - a scroll of remove curse {unknown}
Potions
 i - 2 potions of flight {unknown}
 l - a potion of invisibility
 p - a potion of degeneration {unknown}
Comestibles
 f - 3 rations


   Skills:
 - Level 3.2 Crossbows
 - Level 1.0 Throwing
 + Level 2.4 Armour
 * Level 2.2 Stealth
   Level 1.0 Shields
 * Level 3.4 Spellcasting
 * Level 3.6 Conjurations
   Level 1.2 Summonings
 - Level 1.1 Fire Magic


You had 9 spell levels left.
You knew the following spells:

 Your Spells              Type           Power        Failure   Level  Hunger
a - Foxfire               Conj/Fire      #...         9%          1    #......

Your spell library contained the following spells:

 Spells                   Type           Power        Failure   Level  Hunger
 Ignite Poison            Fire/Tmut/Pois #.......     52%         3    ###....


Dungeon Overview and Level Annotations

Branches:
Dungeon (3/15)

Altars:
Dithmenos
Elyvilon
Ru
Wu Jian
Xom
Zin


Innate Abilities, Weirdness & Mutations

You have a beak for a mouth.
You have claws for feet.
You can fly continuously.


Message History

Confirm with . or Enter, or press ? or * to list all spells.
You conjure some foxfire!
The foxfire hits the orc.
The orc is lightly wounded.
The foxfire hits the orc.
The orc is heavily wounded.
The orc priest mumbles some strange prayers to Beogh against you.
Beogh smites you!
Your foxfire dissipates!
The foxfire hits the orc.
You kill the orc!
The orc priest miscasts a cantrip.
The orc priest looks braver for a moment.
The kobold throws a stone.
The stone hits you but does no damage.
You see here a stone.
The orc priest calls down the wrath of Beogh upon you.
Beogh smites you!
* * * LOW HITPOINT WARNING * * *
The orc priest calls down the wrath of Beogh upon you.
Pain shoots through your body!
You die...

..... .#######
#.)##.......#######
#..o.######.......### #
#..(..K.##..........##########
#.##..#..÷....................
# ##.o.o(o.........##........
#..###...........##........
....## ###...#####...........
#.###########@......#........#
# #..........<÷.)..........
........####.###.......#.
#....#### #......######. ..##
#..<..## .. # .........### #
.........# ......##.# ......
#..


You could see 2 orc priests, an orc and a kobold.

Vanquished Creatures
  Jessica (D:2)
  A gnoll (D:2)
  9 adders
  4 worms
  2 dart slugs
  4 leopard geckos
  An orc (D:3)
  6 goblins
  8 hobgoblins
  10 bats
  5 frilled lizards
  13 kobolds
  5 rats
69 creatures vanquished.

Vanquished Creatures (others)
  181 foxfires
181 creatures vanquished.

Grand Total: 250 creatures vanquished

Notes
Turn   | Place    | Note
-------+----------+-------------------------------------------
     0 | D:1      | DrEnzyme the Tengu Wanderer began the quest for the Orb.
     0 | D:1      | DrEnzyme set off with the following items: a +2 dagger, 3
                  | curare-tipped darts, a +0 hand crossbow, 25 bolts, a
                  | ration, a +0 robe; and the following spell memorised:
                  | Foxfire; and the following spells available to memorise:
                  | Ignite Poison
     0 | D:1      | Reached XP level 1. HP: 10/10 MP: 3/3
   399 | D:1      | Reached skill level 1 in Conjurations
   399 | D:1      | Reached XP level 2. HP: 10/15 MP: 1/4
   790 | D:1      | Reached skill level 1 in Stealth
  1115 | D:1      | Reached XP level 3. HP: 19/19 MP: 6/6
  2560 | D:2      | Reached XP level 4. HP: 11/24 MP: 1/8
  4083 | D:2      | Found a sacrificial altar of Ru.
  4395 | D:2      | Found a stormy altar of Qazlal.
  4397 | D:2      | Found an ornate altar of the Wu Jian Council.
  4397 | D:2      | Found a shimmering altar of Xom.
  4399 | D:2      | Found a shadowy altar of Dithmenos.
  4399 | D:2      | Found a glowing silver altar of Zin.
  4399 | D:2      | Found a white marble altar of Elyvilon.
  4576 | D:2      | Noticed Jessica
  4577 | D:2      | Killed Jessica
  4577 | D:2      | Gained mutation: You can fly continuously. [Tengu growth]
  4577 | D:2      | Reached XP level 5. HP: 28/28 MP: 7/10
  5417 | D:3      | Killed from afar by an orc priest

Levels and vault maps discovered:
D:1:      dpeg_arrival_pond, layout_basic, serial_forest,
          infiniplex_forest_clump_medium, infiniplex_forest_lined_corner,
          infiniplex_forest_straight_2, infiniplex_forest_lined_room_2,
          infiniplex_forest_diagonal, infiniplex_forest_straight_3,
          infiniplex_forest_clump_long, infiniplex_forest_straight_2,
          infiniplex_forest_end_3
D:2:      minmay_diamond_boxcup, layout_basic, lemuel_doored_altar,
          doesnt_xom_only_xom, uniq_jessica
D:3:      layout_rooms

Skill      XL: |  1  2  3  4  5 |
---------------+----------------+-----
Conjurations   | 1 2 3 |  3.6
Stealth        | 1 2 |  2.2
Spellcasting   | 2 3 |  3.4
Crossbows      | |  3.2
Throwing       | |  1.0
Armour         | |  2.4
Shields        | |  1.0
Summonings     | |  1.2
Fire Magic     | |  1.1

Action                   |  1- 3 |  4- 6 || total
-------------------------+-------+-------++-------
 Fire: Hand crossbow     |    20 |    34 ||    54
 Cast: Foxfire           |    58 |    86 ||   144
  Use: Scroll            |       |     4 ||     4
       Potion            |       |     1 ||     1
  Eat: Chunk             |     7 |     7 ||    14
       Ration            |       |     1 ||     1
Armor: Robe              |    12 |     9 ||    21
       Skin              |       |    12 ||    12
Dodge: Dodged            |    24 |    20 ||    44

Table legend:
 A = Non-vault XP
 B = Vault XP
 C = Vault XP percentage of total XP
 D = Non-vault monster count
 E = Vault monster count
 F = Vault count percentage of total count
                 A         B        C        D         E       F
            +---------+---------+-------+---------+---------+-------
      Total |     192 |      92 |  32.4 |      59 |      10 |  14.5
            +---------+---------+-------+---------+---------+-------
        D:1 |      44 |       0 |   0.0 |      27 |       0 |   0.0
        D:2 |     117 |      92 |  44.0 |      24 |      10 |  29.4
        D:3 |      31 |       0 |   0.0 |       8 |       0 |   0.0
            +---------+---------+-------+---------+---------+-------
